 Dungeon Crawl Stone Soup version 0.30-a0-782-ge64f9170bb (webtiles) character file.

Game seed: 12258404810855431174

2305 Leeroy the Martial Artist (level 9, 0/63 HPs)
             Began as an Octopode Transmuter on Feb 22, 2023.
             Was an Initiate of Wu Jian.
             Slain by an orc wizard
             ... wielding a +1 dagger of venom
              (3 damage)
             ... on level 7 of the Dungeon.
             The game lasted 00:06:51 (5946 turns).

Leeroy the Martial Artist (Octopode Transmuter)     Turns: 5946, Time: 00:06:51

Health: 0/63       AC:  7    Str:  9    XL:     9   Next: 41%
Magic:  6/12       EV: 10    Int: 19    God:    Wu Jian [......]
Gold:   315        SH:  0    Dex: 13    Spells: 0/12 levels left

rFire   x x .      SeeInvis .      - Unarmed
rCold   + + +      Faith    .    (shield currently unavailable)
rNeg    . . .      Spirit   .    (helmet currently unavailable)
rPois   +          Reflect  .    n - amulet of regeneration
rElec   .          Harm     .    o - ring of ice
rCorr   .          Rampage  .    p - +4 ring of slaying
Will    .....                    t - ring of poison resistance
Stlth   +                        (no ring)
HPRegen 1.10/turn                (no ring)
MPRegen 0.13/turn                (no ring)
                                 (no ring)
                                 (no ring)

@: lethally poisoned (0 -> -3), ice-form
A: freezing attack, boosted hp, almost no armour, amphibious, 8 rings, large,
(camouflage 1), (gelatinous body 1), (nimble swimmer 1), (tentacles)
a: End Transformation, Renounce Religion


You were on level 7 of the Dungeon.
You worshipped Wu Jian.
Wu Jian was noncommittal.
You were a creature of crystalline ice.
You visited 2 branches of the dungeon, and saw 8 of its levels.

You collected 315 gold pieces.

Inventory:

Missiles
 x - 2 throwing nets
Jewellery
 n - an amulet of regeneration (around neck)
 o - a ring of ice (left front paw)
 p - a +4 ring of slaying (right front paw)
 t - a ring of poison resistance (on tentacle)
 u - an amulet of guardian spirit
Wands
 v - a wand of quicksilver (11)
 B - a wand of iceblast (13)
Scrolls
 d - 2 scrolls of torment
 g - 3 scrolls of teleportation
 h - 3 scrolls of enchant armour
 j - 2 scrolls of noise
 k - 2 scrolls of identify
 l - 3 scrolls of vulnerability {unknown}
 r - a scroll of immolation {unknown}
 s - a scroll of fog {unknown}
 y - a scroll of blinking {unknown}
Potions
 a - 2 potions of lignification
 b - 2 potions of attraction {unknown}
 c - 2 potions of brilliance {unknown}
 e - 3 potions of heal wounds {unknown}
 f - 5 potions of curing
 i - a potion of cancellation {unknown}
 m - 2 potions of degeneration {unknown}
 q - a potion of might {unknown}
 w - 2 potions of mutation {unknown}
 z - a potion of haste {unknown}
 A - a potion of resistance {unknown}


   Skills:
 - Level 1.0 Fighting
 - Level 2.0 Dodging
 - Level 10.4 Unarmed Combat
 - Level 2.0 Spellcasting
 + Level 7.5 Transmutations


You couldn't memorise any spells.
You knew the following spells:

 Your Spells              Type           Power      Damage    Failure   Level
a - Beastly Appendage     Tmut           60%        N/A       1%          1
b - Spider Form           Tmut/Pois      16%        N/A       11%         3
c - Ice Form              Ice/Tmut       24%        N/A       34%         4
d - Petrify               Tmut/Erth      16%        N/A       34%         4

Your spell library contained the following spells:

 Spells                   Type           Power      Damage    Failure   Level
 Wereblood                Tmut           30%        N/A       1%          2
 Summon Small Mammal      Summ           4%         N/A       17%         1
 Sublimation of Blood     Necr           1%         N/A       26%         2
 Call Canine Familiar     Summ           1%         N/A       45%         3
 Dazzling Flash           Conj/Hex       2%         N/A       45%         3
 Summon Guardian Golem    Hex/Summ       1%         N/A       45%         3
 Irradiate                Conj/Tmut      8%         3d14      69%         5
 Agony                    Necr           1%         N/A       99%         5
 Silence                  Hex/Air        0%         N/A       99%         5


Dungeon Overview and Level Annotations

Branches:
Dungeon (7/15)             Temple (1/1) D:4

Altars:
Cheibriados
Dithmenos
Fedhas
Gozag
Hepliaklqana
Kikubaaqudgha
Makhleb
Nemelex Xobeh
Okawaru
Qazlal
Ru
Sif Muna
Trog
Vehumet
Wu Jian
Xom
Yredelemnul

Shops:
D:1 :

Annotations:
D:2 1 runed translucent door, Crazy Yiuf
D:5 Sigmund
D:6 1 runed translucent door, julianmaster's ghost, amateur MiGl


Innate Abilities, Weirdness & Mutations

You are a creature of crystalline ice.
You have a powerful freezing melee attack.
Your maximum health is increased.
Your armour is entirely melded.
You are incapable of wielding weapons or throwing items.
You cannot wear most types of armour.
You are amphibious.
You can wear up to eight rings at the same time.
((Your skin changes colour to match your surroundings (Stealth+).))
((Your rubbery body absorbs attacks. (AC +1, EV +1)))
((You are camouflaged when in or above water. (Stealth+)))
((You have tentacles for arms and can constrict up to eight enemies at once.))


Message History

The orc priest hits you with a +0 hand axe.
The orc priest hits you with a +0 whip. The orc priest misses you.
The orc priest attacks as you move away!
The orc priest closely misses you.
The orc priest calls down the wrath of Beogh upon you.
Beogh smites you! The scorpion stings you.
You punch the scorpion! You freeze the scorpion.
The scorpion is almost dead.
The orc priest invokes the aid of Beogh against you.
Beogh smites you!
* * * LOW HITPOINT WARNING * * *
The scorpion closely misses you.
You hit the scorpion but do no damage.
The scorpion is almost dead.
The scorpion stings you.
* * * LOW HITPOINT WARNING * * *
The orc priest invokes the aid of Beogh against you.
Beogh smites you!
* * * LOW HITPOINT WARNING * * *
The scorpion attacks as you move away! The scorpion misses you.
A magic dart appears from out of thin air!
The magic dart hits you.
* * * LOW HITPOINT WARNING * * *
You barely miss the scorpion.
The scorpion is almost dead.
The scorpion barely misses you.
It was a potion of curing.
You feel better.
The scorpion stings you but does no damage.
You hit the scorpion but do no damage.
The scorpion is almost dead.
The scorpion stings you.
* * * LOW HITPOINT WARNING * * *
You are poisoned.
The scorpion poisons you!
The orc priest mumbles some strange prayers to Beogh against you.
Beogh smites you!
* * * LOW HITPOINT WARNING * * *
Something hits you.
You die...

#. .. ##.# #### .###
..... ... ....
##.#.##.####.# # ##
.............#.# #.
##.#.#).o....#.# #.
......oo#......# #.
##.#.##.#.)..#.# #. #
#.#Y#..# #...# #.
#.s.#..#.#...#.# #.
#.###....#...#.####.
#.###.##.#...#......
#?#......#...#.#####
#.#.#.####.....##
#.#.....##......#
#................#
..................####


You could see a scorpion and an orc priest.

Vanquished Creatures
  Grinder (D:5)
  A steam dragon (D:7)
  An orc warrior (D:7)
  A black bear (D:4)
  2 ice beasts
  3 ogres
  A centaur (D:6)
  4 phantoms
  5 bullfrogs
  2 necrophages (D:5)
  A bullfrog zombie (D:6)
  2 centaur zombies (D:6)
  2 orc priests (D:6)
  2 hounds
  A centaur skeleton (D:6)
  3 iguanas
  2 orc wizards
  A killer bee zombie (D:6)
  A howler monkey zombie (D:6)
  A howler monkey skeleton (D:6)
  5 adders
  An ufetubus (D:5)
  A worm (D:3)
  2 dart slugs
  9 orcs
  4 ball pythons
  8 bats
  4 endoplasms
  3 giant cockroaches
  4 goblins
  5 hobgoblins
  3 jackals (D:1)
  10 kobolds
  4 quokkas
  5 frilled lizards
  6 rats
111 creatures vanquished.

Vanquished Creatures (others)
  3 withered plants (D:6)
3 creatures vanquished.

Grand Total: 114 creatures vanquished

Notes
Turn   | Place    | Note
-------+----------+-------------------------------------------
     0 | D:1      | Leeroy the Octopode Transmuter began the quest for the Orb.
     0 | D:1      | Reached XP level 1. HP: 13/13 MP: 3/3
    96 | D:1      | Reached XP level 2. HP: 16/18 MP: 5/5
   116 | D:1      | Found a faded altar of an unknown god.
   447 | D:1      | Found Nept's Book Boutique.
   518 | D:1      | Reached skill level 4 in Unarmed Combat
   695 | D:1      | Reached XP level 3. HP: 23/23 MP: 6/6
  1032 | D:2      | Found a runed translucent door.
  1033 | D:2      | Noticed Crazy Yiuf
  1376 | D:2      | Reached XP level 4. HP: 18/28 MP: 7/7
  1812 | D:3      | Reached skill level 5 in Unarmed Combat
  2585 | D:4      | Noticed a phantom
  2589 | D:4      | Killed a phantom
  2590 | D:4      | Reached XP level 5. HP: 33/33 MP: 8/8
  2622 | D:4      | Found a hazy altar of Hepliaklqana.
  2688 | D:4      | Found a staircase to the Ecumenical Temple.
  2694 | D:4      | Identified the +0 robe "Sevu" {Int+4}
  2702 | Temple   | Entered the Ecumenical Temple
  2880 | D:4      | Noticed a black bear
  2886 | D:4      | Learned a level 3 spell: Spider Form
  2899 | D:4      | Killed a black bear
  2900 | D:4      | Reached skill level 6 in Unarmed Combat
  2900 | D:4      | Reached XP level 6. HP: 27/38 MP: 3/9
  3357 | D:5      | Entered Level 5 of the Dungeon
  3357 | D:5      | Noticed Grinder
  3518 | D:5      | Reached skill level 7 in Unarmed Combat
  3663 | D:5      | Reached XP level 7. HP: 31/43 MP: 10/10
  3889 | D:5      | Noticed Sigmund
  3923 | D:5      | Killed Grinder
  3924 | D:5      | Reached skill level 8 in Unarmed Combat
  3929 | D:5      | Reached skill level 9 in Unarmed Combat
  4038 | D:5      | Reached XP level 8. HP: 48/48 MP: 11/11
  4320 | D:6      | Reached skill level 10 in Unarmed Combat
  4472 | D:6      | Found a runed translucent door.
  4472 | D:6      | Noticed julianmaster's ghost (amateur MiGl)
  4934 | D:6      | Reached skill level 5 in Transmutations
  4942 | D:6      | Reached XP level 9. HP: 23/53 MP: 12/12
  5075 | D:6      | Learned a level 4 spell: Ice Form
  5198 | D:6      | Learned a level 4 spell: Petrify
  5319 | D:6      | Found a burning altar of Makhleb.
  5320 | D:6      | Found an ornate altar of the Wu Jian Council.
  5320 | D:6      | Found an opulent altar of Gozag.
  5321 | D:6      | Found a blossoming altar of Fedhas.
  5324 | D:6      | Became a worshipper of the Wu Jian Council
  5946 | D:7      | HP: 3/63 [orc priest/divine providence (13)]
  5946 | D:7      | Slain by an orc wizard

Illustrated notes

Levels and vault maps discovered:
D:1:      elethiomel_arrival_infinity_welcomes_careful_drivers,
          layout_loops_corners, nicolae_ecumenical_lake_church, serial_shops,
          shop
D:2:      layout_loops_cross, serial_bayou_pond_e, serial_bayou_ford_a,
          uniq_crazy_yiuf_cottage
D:3:      layout_loops_corners
D:4:      layout_basic, mainiacjoe_overflow_alcove_4,
          minmay_temple_entry_mini_moons
D:5:      layout_basic, chequers_serial_rivers_room_a, grunt_decor_one_mirror,
          uniq_grinder, uniq_sigmund
D:6:      layout_basic, minitemple, serial_undead, serial_undead_e,
          serial_undead_a, serial_undead_f, serial_undead_b,
          gammafunk_ghost_grave
D:7:      minmay_chambers_of_sevens, layout_basic
Temple:   hellmonk_temple_forest_ring

Skill      XL: |  1  2  3  4  5  6  7  8  9 |
---------------+----------------------------+-----
Unarmed Combat | 4 5 6 7 9 10 | 10.4
Transmutations | 5 7 |  7.5
Fighting       | |  1.0
Dodging        | |  2.0
Spellcasting   | |  2.0

Action                     |  1- 3 |  4- 6 |  7- 9 || total
---------------------------+-------+-------+-------++-------
  Melee: Unarmed           |    80 |    80 |   135 ||   295
         Tentacles         |    22 |    10 |    28 ||    60
         Constrict         |    19 |    14 |    20 ||    53
         Punch             |     6 |     3 |    10 ||    19
   Cast: Spider Form       |       |     1 |     5 ||     6
         Ice Form          |       |       |     1 ||     1
Ability: Lunge             |       |       |     5 ||     5
    Use: Scroll            |       |     3 |     2 ||     5
         Potion            |       |       |     1 ||     1
   Stab: Sleeping          |    10 |     8 |     5 ||    23
 Armour: Skin              |     5 |       |     9 ||    14
  Dodge: Dodged            |    51 |    36 |    85 ||   172

Table legend: (Time is in decaauts)
 A = Elapsed time spent in this place.
 B = Non-inter-level travel time spent in this place.
 C = Inter-level travel time spent in this place.
 D = Time resting spent in this place.
 E = Time spent auto-exploring this place.
 F = Levels seen in this place.
 G = Mean time per level.
                   A        B        C        D        E       F      G
               +--------+--------+--------+--------+--------+-----+--------+
         Total |   5905 |   5556 |    349 |    581 |   4045 |   8 |  738.1 |
       Dungeon |   5742 |   5408 |    334 |    581 |   3912 |   7 |  820.3 |
        Temple |    163 |    148 |     15 |      0 |    133 |   1 |  163.0 |
               +--------+--------+--------+--------+--------+-----+--------+

Top non-repeatable levels by time:
     D:6: 1181 daAuts
     D:1: 979 daAuts
     D:4: 893 daAuts
     D:3: 824 daAuts
     D:5: 644 daAuts
     D:2: 640 daAuts
     D:7: 579 daAuts
  Temple: 163 daAuts
